 Dungeon Crawl Stone Soup version 0.31-a0-233-g139696dc86 (webtiles) character file.

Game seed: 12613750090533108516

5 MisterAzrael the Grave Robber (level 1, -1/10 HPs)
             Began as a Deep Elf Necromancer on July 8, 2023.
             Killed from afar by a dart slug (2 damage)
             ... with a slug dart
             ... on level 1 of the Dungeon.
             The game lasted 00:01:12 (63 turns).

MisterAzrael the Grave Robber (Deep Elf Necromancer)  Turns: 63, Time: 00:01:12

Health: -1/10      AC:  2    Str:  5    XL:     1   Next: 66%
Magic:  0/6        EV: 12    Int: 19    God:
Gold:   0          SH:  0    Dex: 15    Spells: 5/6 levels left

rFire   . . .        c - +0 rapier
rCold   . . .        (no shield)
rNeg    . . .        a - +0 robe
rPois   .            (no helmet)
rElec   .            (no cloak)
rCorr   .            (no gloves)
SInv    .            (no boots)
Will    .....        (no amulet)
Stlth   ++           (no ring)
HPRegen 0.21/turn    (no ring)
MPRegen 0.10/turn

%: no passive effects
@: no status effects
A: no striking features
a: no special abilities


You were on level 1 of the Dungeon.
You visited 1 branch of the dungeon, and saw 1 of its levels.

Inventory:

Hand Weapons
 c - a +0 rapier (weapon)
Armour
 a - a +0 robe (worn)
Potions
 b - a potion of magic


   Skills:
 + Level 0.5 Short Blades
 - Level 2.4 Dodging
 - Level 2.4 Stealth
 + Level 3.2 Spellcasting
 + Level 4.9 Necromancy


You had 5 spell levels left.
You knew the following spells:

 Your Spells              Type           Power      Damage    Failure   Level
a - Necrotise             Necr           84%        1d8       1%          1

Your spell library contained the following spells:

 Spells                   Type           Power      Damage    Failure   Level
 Vampiric Draining        Necr           21%        2d7       6%          3
 Animate Dead             Necr           21%        N/A       19%         4
 Agony                    Necr           21%        N/A       47%         5


Dungeon Overview and Level Annotations

Branches:
Dungeon (1/15)

Altars:


Message History

Something bites your ball python skeleton.
Your ball python skeleton closely misses the hobgoblin.
Your ball python skeleton barely misses the hobgoblin.
Something bites your ball python skeleton.
Your ball python skeleton is destroyed!
You hit the hobgoblin but do no damage. The hobgoblin hits you.
Ouch! That really hurt!
* * * LOW HITPOINT WARNING * * *
Your jackal skeleton misses the hobgoblin.
Your jackal skeleton closely misses the hobgoblin.
Your jackal skeleton barely misses the quokka.
Found a stone staircase leading down.
A dart slug comes into view.
The hobgoblin attacks as you move away!
The hobgoblin hits you but does no damage.
Okay, then.
Aiming: Necrotise (safe; 1% risk of failure)
Press: ? - help, Q - select action Shift-Dir - straight line, f - hobgoblin
Aim: a hobgoblin (ally target, chance to affect: 90%)
Okay, then.
As you read the scroll labelled DUEDDI DYDGHEL, it crumbles to dust.
It is a scroll of identify.
You don't currently have any unidentified items.
The hobgoblin barely misses you.
Your jackal skeleton barely misses the quokka.
Aiming: Necrotise (safe; 1% risk of failure)
Press: ? - help, Q - select action Shift-Dir - straight line, f - hobgoblin
Aim: a hobgoblin (ally target, chance to affect: 90%)
The hobgoblin writhes in agony.
The hobgoblin closely misses you. The dart slug launches a dart at you.
The slug dart hits you.
* * * LOW HITPOINT WARNING * * *
Your jackal skeleton bites the hobgoblin but does no damage.
The quokka bites your jackal skeleton. The hobgoblin attacks as you move away!
The hobgoblin hits you.
* * * LOW HITPOINT WARNING * * *
The dart slug launches a dart at you. The slug dart hits you.
You die...

.. . .#### ####....#
..######.......#
...........w...##
...#.@.........
#.#.#g#.......
##########.#...#Z#.......
#........#......r........
#....(...###.............
#........# #####.##......
##........# ##...# ......
#.........####..### .....
#.........Z.#..#.# ....


You could see a dart slug, a quokka, a hobgoblin (ally target) and a friendly
jackal skeleton.

Vanquished Creatures
  2 goblins (D:1)
  A jackal (D:1)
  A ball python (D:1)
  A rat (D:1)
5 creatures vanquished.

Notes
Turn   | Place    | Note
-------+----------+-------------------------------------------
     0 | D:1      | MisterAzrael the Deep Elf Necromancer began the quest for
                  | the Orb.
     0 | D:1      | Reached XP level 1. HP: 10/10 MP: 6/6
    63 | D:1      | Killed from afar by a dart slug

Illustrated notes

Levels and vault maps discovered:
D:1:      wander_arrival_peaceful_grave, layout_basic, minmay_tetromino_i4

Action                     || total
---------------------------++-------
  Melee: Rapier            ||     2
   Cast: Necrotise         ||     8
    Use: Scroll            ||     1
 Armour: Robe              ||     5
  Dodge: Dodged            ||    11

Table legend: (Time is in decaauts)
 A = Elapsed time spent in this place.
 B = Non-inter-level travel time spent in this place.
 C = Inter-level travel time spent in this place.
 D = Time resting spent in this place.
 E = Time spent auto-exploring this place.
 F = Levels seen in this place.
 G = Mean time per level.
                   A        B        C        D        E       F      G
               +--------+--------+--------+--------+--------+-----+--------+
         Total |     62 |     57 |      5 |      0 |      8 |   1 |   62.0 |
       Dungeon |     62 |     57 |      5 |      0 |      8 |   1 |   62.0 |
               +--------+--------+--------+--------+--------+-----+--------+

Top non-repeatable levels by time:
     D:1: 62 daAuts
